 Dungeon Crawl Stone Soup version 0.29.1-15-g9cfb28693d (webtiles) character file.

Game seed: 12165332652670798381

103 GigaChad the Chopper (level 4, 0/38 HPs)
             Began as a Minotaur Gladiator on Mar 11, 2023.
             Slain by Sigmund
             ... wielding a +0 scythe
              (5 damage)
             ... on level 2 of the Dungeon.
             The game lasted 00:01:43 (2010 turns).

GigaChad the Chopper (Minotaur Gladiator)           Turns: 2010, Time: 00:01:43

Health: 0/38       AC:  8    Str: 21    XL:     4   Next: 51%
Magic:  3/3        EV:  8    Int:  5    God:
Gold:   56         SH:  0    Dex: 11    Spells: 3/3 levels left

rFire   . . .      SeeInvis .   a - +0 war axe
rCold   . . .      Faith    .   (no shield)
rNeg    . . .      Spirit   .   k - +0 chain mail
rPois   .          Reflect  .   c - +0 hat
rElec   .          Harm     .   (no cloak)
rCorr   .          Rampage  .   (no gloves)
Will    .....                   (no boots)
Stlth   ..........              (no amulet)
HPRegen 0.12/turn               (no ring)
MPRegen 0.08/turn               (no ring)

@: no status effects
A: horns 2, retaliatory headbutt
a: no special abilities


You were on level 2 of the Dungeon.
You visited 1 branch of the dungeon, and saw 2 of its levels.

You collected 56 gold pieces.

Inventory:

Hand Weapons
 a - a +0 war axe (weapon)
Missiles
 d - 3 throwing nets (quivered)
 e - a javelin
Armour
 b - a +0 leather armour
 c - a +0 hat (worn)
 k - a +0 chain mail (worn)
Scrolls
 g - a scroll of identify
 j - a scroll of torment
 m - a scroll of summoning {unknown}
Potions
 f - a potion of attraction {unknown}
 h - a potion of lignification {unknown}
 i - a potion of resistance {unknown}
 l - a potion of brilliance {unknown}


   Skills:
 + Level 3.1 Fighting
 + Level 5.0 Axes
 + Level 2.2 Throwing
 + Level 1.2 Armour
 + Level 4.0 Dodging
 + Level 0.3 Stealth


You had 3 spell levels left.
You didn't know any spells.
Your spell library was empty.

Dungeon Overview and Level Annotations

Branches:
Dungeon (2/15)

Altars:

Annotations:
D:2 Sigmund


Innate Abilities, Weirdness & Mutations

You have a pair of horns on your head.
You reflexively headbutt those who attack you in melee.


Message History

Sigmund flickers and vanishes!
Deactivating autopickup; reactivate with Ctrl-A.
You closely miss the ball python. You headbutt the ball python.
You kill the ball python!
A puff of flame appears from out of thin air!
The puff of flame misses you.
You hit the bat.
The bat is heavily wounded.
The bat hits you but does no damage. The bat barely misses you.
The bat hits you but does no damage. The bat hits you but does no damage.
The bat hits you but does no damage.
Found 7 gold pieces.
The bat hits you but does no damage.
You barely miss the bat.
The bat is heavily wounded.
The bat closely misses you. The bat hits you but does no damage.
Something hits you. The bat hits you but does no damage.
The bat barely misses you. Something hits you.
The bat hits you but does no damage.
You hear some strange, mumbled words.
Something tries to affect you, but you resist.
You barely miss something. You hit the bat.
You kill the bat!
You hear some strange, mumbled words.
Something tries to affect you, but you resist.
You slash something! Something hits you but does no damage. Something hits you!
Something hits you. Something hits you. Something hits you! Something hits you.
* * * LOW HITPOINT WARNING * * *
You barely miss something. Your headbutt misses something. Something hits you.
* * * LOW HITPOINT WARNING * * *
You miss something. Your headbutt misses something.
Something hits you but does no damage.
You miss something. Something hits you.
You die...

#.....####....!........#
#..)...# #..$..........#
#.)))..# #.#...........#
#.)....# #.#...........#
###)######.#...........#
##.........#...........#
##.......#.............###
.........#.....#.........#
.........#......@..:.....#
.........#......{........#
.........#..?............#
........###..............#
..<.....# #..............#
....>...# #..............#
........# #..............#
........# #..............#
........# #./............#


There were no monsters in sight!

Vanquished Creatures
  Robin (D:2)
  2 adders (D:2)
  A gnoll (D:1)
  A worm (D:2)
  4 ball pythons
  4 endoplasms
  A giant cockroach (D:1)
  11 goblins
  8 hobgoblins
  8 jackals (D:1)
  A quokka (D:1)
  4 bats
  3 kobolds
  7 rats
56 creatures vanquished.

Notes
Turn   | Place    | Note
-------+----------+-------------------------------------------
     0 | D:1      | GigaChad the Minotaur Gladiator began the quest for the
                  | Orb.
     0 | D:1      | Reached XP level 1. HP: 18/18 MP: 0/0
   157 | D:1      | Reached XP level 2. HP: 20/25 MP: 1/1
   221 | D:1      | Reached skill level 4 in Axes
   320 | D:1      | Found a faded altar of an unknown god.
   447 | D:1      | Reached XP level 3. HP: 29/31 MP: 2/2
  1268 | D:2      | Noticed Robin
  1278 | D:2      | Killed Robin
  1279 | D:2      | Reached XP level 4. HP: 5/38 MP: 3/3
  1704 | D:2      | Reached skill level 1 in Armour
  1800 | D:2      | Reached skill level 5 in Axes
  1985 | D:2      | Noticed Sigmund
  2010 | D:2      | Slain by Sigmund

Illustrated notes

Levels and vault maps discovered:
D:1:      arrival_zaba_pyramid, layout_basic,
          shapermc_ecumenical_altar_mp_vishouse
D:2:      layout_basic, uniq_sigmund, uniq_robin

Skill      XL: |  1  2  3  4 |
---------------+-------------+-----
Axes           | 4 5 |  5.0
Fighting       | 3 |  3.1
Dodging        | 4 |  4.0
Armour         | 1 |  1.2
Throwing       | |  2.2
Stealth        | |  0.3

Action                   |  1- 3 |  4- 6 || total
-------------------------+-------+-------++-------
Melee: War axe           |    63 |    36 ||    99
       Headbutt          |    12 |     3 ||    15
  Use: Scroll            |       |     1 ||     1
Armor: Leather armour    |    11 |     3 ||    14
       Chain mail        |       |    15 ||    15
Dodge: Dodged            |    41 |    26 ||    67
